 Dungeon Crawl Stone Soup version 0.26.1-16-g4e020e15dc (webtiles) character file.

Game seed: 18396090205978159094

1738 Mickster the Poker (level 9, -1/55 HPs)
             Began as a Gargoyle Berserker on Feb 28, 2023.
             Was a Priest of Trog.
             Slain by a hound (3 damage)
             ... on level 7 of the Dungeon.
             The game lasted 01:04:07 (5161 turns).

Mickster the Poker (Gargoyle Berserker)             Turns: 5161, Time: 01:04:10

Health: -1/55      AC: 21    Str: 24    XL:     9   Next: 5%
Magic:  9/9        EV:  9    Int:  7    God:    Trog [***...]
Gold:   352        SH:  0    Dex: 10    Spells: 8/8 levels left

rFire    + . .     SeeInvis .   i - +1 spear (vamp)
rCold    . . .     Faith    .   (no shield)
rNeg     + . .     Spirit   .   q - +2 chain mail {rC+}
rPois    ∞         Reflect  .   w - +2 helmet
rElec    +         Harm     .   (no cloak)
rCorr    .         Rampage  .   (no gloves)
Will     .....                  (no boots)
Stlth    ..........             (no amulet)
HPRegen  0.18/turn              r - ring of poison resistance
MPRegen  0.11/turn              u - ring of fire

@: marked
A: negative energy resistance 1, electricity resistance, unbreathing,
petrification resistance, miasma immunity, AC +6
a: Renounce Religion, Berserk, Trog's Hand


You were on level 7 of the Dungeon.
You worshipped Trog.
Trog was most pleased with you.
You visited 1 branch of the dungeon, and saw 7 of its levels.

You collected 352 gold pieces.

Inventory:

Hand Weapons
 g - a +0 hunting sling
 i - a +1 vampiric spear (weapon)
 m - a +0 dagger of venom
 n - a +1 spear of venom
 x - a +2 halberd of freezing
Missiles
 c - 67 arrows
 h - 40 bolts
 k - 20 boomerangs
 l - 2 atropa-tipped darts (quivered)
 t - 36 poisoned darts
Armour
 b - a +0 animal skin
 d - a +0 leather armour
 f - the +2 ring mail of Youthful Indiscretion {Int+4 SInv}
   (You found it on level 4 of the Dungeon)

   It affects your intelligence (+4).
   It lets you see invisible.
 q - a +2 chain mail of cold resistance (worn)
 w - a +2 helmet (worn)
Jewellery
 p - an uncursed amulet of magic regeneration
 r - a ring of poison resistance (left hand)
 u - a ring of fire (right hand)
Wands
 s - a wand of enslavement (11)
Scrolls
 j - 3 scrolls of remove curse
 o - 2 scrolls of teleportation
 v - 2 scrolls of blinking


   Skills:
 + Level 5.7 Fighting
 - Level 4.0 Maces & Flails
 * Level 7.3 Polearms
 + Level 1.1 Throwing
 + Level 5.5 Armour
 + Level 2.9 Dodging
 + Level 1.0 Stealth


You had 8 spell levels left.
You didn't know any spells.
Your spell library contained the following spells:

 Spells                   Type           Power        Failure   Level
 Freeze                   Ice            0%           97%         1
 Magic Dart               Conj           0%           97%         1
 Blink                    Tloc           N/A          99%         2
 Call Imp                 Summ           0%           99%         2
 Slow                     Hex            0%           99%         2
 Conjure Flame            Conj/Fire      0%           100%        3
 Frozen Ramparts          Ice            0%           100%        3
 Mephitic Cloud           Conj/Pois/Air  0%           100%        3
 Ozocubu's Armour         Ice            0%           100%        3
 Hailstorm                Conj/Ice       0%           100%        4
 Summon Ice Beast         Ice/Summ       0%           100%        4


Dungeon Overview and Level Annotations

Branches:
Dungeon (7/15)
 Temple: D:4-7

Altars:
Kikubaaqudgha
Xom

Annotations:
D:7 Harold, Joseph


Innate Abilities, Weirdness & Mutations

You are resistant to torment.
Your stone body is resilient. (AC +6)
You are immune to poison.
You resist negative energy. (rN+)
You are resistant to electric shocks. (rElec)
You can survive without breathing.
You are immune to petrification.
You are immune to miasma.


Message History

The hound bites you.
* * * LOW HITPOINT WARNING * * *
You closely miss the hound.
The hound is heavily wounded.
The leopard gecko bites you but does no damage.
The white imp lashes its tail.
Harold looks eager to get this over with.
Harold barely misses you. Joseph hits you but does no damage.
The hound bites you but does no damage.
You closely miss the hound.
The hound is heavily wounded.
The leopard gecko bites you but does no damage.
The hound barely misses you.
You barely miss the hound.
The hound is heavily wounded.
Harold casts a spell at you. The mark upon you grows brighter.
Joseph hits you but does no damage.
The leopard gecko bites you but does no damage.
The hound bites you.
You die...

####.######### .#
#.........##.#
#########.##.#
#### #.##.# ....
##.##.# .(.
#...#.##.#
#..#......#
....###.#@h.#.#..
####.
#..(@@5.....
##...#..l...#..
#.#
#.......?###..#
#.# #.##...#.#
#..... #.# #
##.##.###. ...
####.# #. #.....
### ...#.# # #.
####.. ..#
##.#.##.# #.
#.##.###.##
#.#....#
#.........#


You could see Harold, Joseph, a hound, a white imp and a leopard gecko.

Vanquished Creatures
  Pikel (D:7)
  An ice beast (D:5)
  An ogre (D:4)
  A lemure (D:7)
  A gnoll sergeant (D:7)
  5 killer bees (D:7)
  3 vampire bats (D:3)
  3 hounds
  A jelly (D:5)
  3 orc priests (D:5)
  A bullfrog skeleton (D:4)
  A centaur skeleton (D:7)
  An iguana (D:5)
  Terence (D:2)
  3 worker ants (D:4)
  3 orc wizards
  A howler monkey skeleton (D:5)
  8 gnolls
  6 adders
  A white imp (D:5)
  An ufetubus (D:5)
  2 worms
  2 dart slugs
  3 leopard geckos
  14 orcs
  2 bat skeletons (D:3)
  3 bat zombies (D:3)
  3 giant cockroaches
  7 goblins
  6 hobgoblins
  3 jackals
  2 quokkas (D:5)
  A ball python (D:2)
  3 bats
  A frilled lizard (D:1)
  6 kobolds
  3 rats
108 creatures vanquished.

Notes
Turn   | Place    | Note
-------+----------+-------------------------------------------
     0 | D:1      | Mickster the Gargoyle Berserker began the quest for the
                  | Orb.
     0 | D:1      | Reached XP level 1. HP: 14/14 MP: 1/1
   284 | D:1      | Reached XP level 2. HP: 12/19 MP: 2/2
   941 | D:2      | Reached XP level 3. HP: 23/23 MP: 3/3
  1034 | D:2      | Noticed Terence
  1067 | D:2      | Killed Terence
  1412 | D:2      | Reached ** piety under Trog
  1413 | D:2      | Reached XP level 4. HP: 25/29 MP: 4/4
  2001 | D:3      | Found an ancient bone altar of Kikubaaqudgha.
  2021 | D:3      | Reached skill level 1 in Polearms
  2021 | D:3      | Reached XP level 5. HP: 27/33 MP: 5/5
  2039 | D:3      | Reached skill level 2 in Polearms
  2114 | D:3      | Reached XP level 6. HP: 39/39 MP: 6/6
  2869 | D:4      | Reached skill level 3 in Polearms
  2906 | D:4      | Reached *** piety under Trog
  2990 | D:4      | Reached skill level 4 in Polearms
  2990 | D:4      | Reached XP level 7. HP: 20/44 MP: 7/7
  3385 | D:4      | Got a scorched ring mail
  3464 | D:5      | Entered Level 5 of the Dungeon
  3574 | D:5      | Found a shimmering altar of Xom.
  3707 | D:5      | Reached skill level 5 in Polearms
  3736 | D:5      | Reached XP level 8. HP: 31/48 MP: 8/8
  3849 | D:5      | Reached skill level 5 in Fighting
  4224 | D:6      | Identified the +2 ring mail of Youthful Indiscretion {Int+4
                  | SInv} (You found it on level 4 of the Dungeon)
  4478 | D:7      | Reached skill level 1 in Throwing
  4697 | D:7      | Reached skill level 6 in Polearms
  4707 | D:7      | Reached skill level 5 in Armour
  5096 | D:7      | Noticed Harold
  5100 | D:7      | Noticed Pikel
  5108 | D:7      | Noticed Joseph
  5127 | D:7      | Killed Pikel
  5128 | D:7      | Reached skill level 7 in Polearms
  5128 | D:7      | Reached skill level 1 in Stealth
  5128 | D:7      | Reached XP level 9. HP: 53/55 MP: 9/9
  5143 | D:7      | Paralysed by Joseph for 4 turns
  5158 | D:7      | HP: 1/55 [hound (3)]
  5161 | D:7      | Slain by a hound

Illustrated notes

Levels and vault maps discovered:
D:1:      tarquinn_simple_flora_water_e, layout_loops_ring, fountainhead,
          supply_closet_lemuel
D:2:      minmay_wonky_spiral, layout_loops_ring,
          nicolae_overflow_hidden_temple, kennysheep_generic_room_9,
          uniq_terence
D:3:      layout_basic, kennysheep_vampire_church, uniq_crazy_yiuf_cottage
D:4:      cheibrodos_helix_gallery, layout_cave_pools, solitary_fountain,
          hex_large, nicolae_ru_awakened_eye
D:5:      layout_rooms, lemuel_round_altar
D:6:      layout_basic, nicolae_overflow_crystal_walls,
          minmay_temple_entry_ruins, corexii_item_surrounded_by_moat
D:7:      layout_loops_ring, serial_glass, glass_columns_a, glass_columns_b,
          glass_columns_a, glass_columns_a, nicolae_dithmenos_shadow_blocks,
          uniq_harold, uniq_pikel, uniq_joseph

Skill      XL: |  1  2  3  4  5  6  7  8 |
---------------+-------------------------+-----
Maces & Flails | 4 |  4.0
Fighting       | 4 5 |  5.7
Polearms       | 1 2 4 5 7 |  7.3
Dodging        | 2 |  2.9
Armour         | 3 4 5 |  5.5
Throwing       | 1 |  1.1
Stealth        | 1 |  1.0

Action                   |  1- 3 |  4- 6 |  7- 9 || total
-------------------------+-------+-------+-------++-------
Melee: Mace              |    80 |       |       ||    80
       Spear             |       |   266 |   305 ||   571
       Halberd           |       |     4 |    32 ||    36
Throw: Dart              |     3 |     3 |     4 ||    10
       Boomerang         |       |       |    13 ||    13
  Use: Scroll            |     6 |     3 |     6 ||    15
       Potion            |     5 |     2 |     3 ||    10
 Stab: Invisible         |       |       |     1 ||     1
Armor: Leather armour    |    27 |       |       ||    27
       Chain mail        |     5 |   385 |   370 ||   760
Dodge: Dodged            |    48 |   264 |   272 ||   584
